 Dungeon Crawl Stone Soup version 0.31.0-9-g3a7656b989 (webtiles) character file.

Game seed: 4365678383134575942

200 qw the Ducker (level 5, -4/26 HPs)
             Began as a Spriggan Hunter on Feb 2, 2024.
             Slain by an orc
             ... wielding a +2 falchion of electrocution
              (10 damage)
             ... on level 4 of the Dungeon.
             The game lasted 00:00:10 (2595 turns).

qw the Ducker (Spriggan Hunter)                     Turns: 2595, Time: 00:00:11

Health: -4/26      AC:  2    Str:  7    XL:     5   Next: 49%
Magic:  6/6        EV: 23    Int: 11    God:
Gold:   155        SH:  0    Dex: 26    Spells: 4/4 levels left

rFire   . . .        a - +0 shortbow
rCold   . . .        (shield currently unavailable)
rNeg    . . .        c - +0 robe
rPois   .            (helmet restricted)
rElec   .            (no cloak)
rCorr   .            (gloves unavailable)
SInv    +            (boots unavailable)
Will    +....        n - amulet of faith
Stlth   ++           e - ring of willpower
HPRegen 0.24/turn    h - +6 ring of dexterity
MPRegen 0.10/turn

%: faith
@: very quick
A: very small, no large weapons, unfitting armour, see invisible, speed 3
a: no special abilities


You were on level 4 of the Dungeon.
You visited 1 branch of the dungeon, and saw 4 of its levels.

You collected 155 gold pieces.


Innate Abilities, Weirdness & Mutations

You are very small and have problems with some larger weapons.
You are too small for most types of armour.
You have supernaturally acute eyesight. (SInv)
You cover ground extremely quickly. (Speed+++)


   Skills:
 - Level 2.1 Fighting
 + Level 5.0 Ranged Weapons
 - Level 6.2 Dodging
 - Level 1.5 Stealth


You had 4 spell levels left.
You didn't know any spells.
Your spell library was empty.

Inventory:

Hand Weapons
 a - a +0 shortbow (weapon)
Armour
 c - a +0 robe (worn)
Jewellery
 e - a ring of willpower (left hand)
 h - a +6 ring of dexterity (right hand)
 k - an amulet of reflection
 n - an amulet of faith (around neck)
Potions
 b - a potion of berserk rage {unknown}
 d - 3 potions of enlightenment
 f - a potion of heal wounds
 g - 2 potions of curing
 i - a potion of magic {unknown}

Dungeon Overview and Level Annotations

Branches:
Dungeon (4/15)
 Temple: D:4-7

Altars:
Qazlal

Shops:
D:3 (


Message History

You now have 155 gold pieces (gained 19).
A goblin comes into view. It is wielding a +0 dagger.
You shoot an arrow. The arrow hits the goblin.
You kill the goblin!
Found a stone staircase leading down.
An orc wizard comes into view. It is wielding a +0 dagger.
Found a long sword.
You shoot an arrow. The arrow hits the orc wizard.
The orc wizard shouts!
The orc wizard is moderately wounded.
An orc comes into view. It is wielding a +0 club.
An orc comes into view.
It is wielding a +2 falchion of electrocution.
An orc priest comes into view. It is wielding a +1 heavy mace.
You shoot an arrow. The orc shouts!
The orc priest shouts!
The orc shouts!
The arrow hits the orc wizard.
The orc wizard is severely wounded.
You hear a shout!
You shoot an arrow. The arrow hits the orc wizard.
The orc wizard is severely wounded.
An orc comes into view. It is wielding a +0 flail.
The orc priest mumbles some strange prayers to Beogh against you.
Beogh smites you!
Ouch! That really hurt!
You shoot an arrow. The arrow barely misses the orc wizard.
You shoot an arrow. The arrow hits the orc wizard.
The orc wizard is almost dead.
The orc wizard gestures wildly while chanting.
The orc wizard flickers and vanishes for a moment.
You shoot an arrow. The arrow hits the orc wizard!
You kill the orc wizard!
Your Fighting skill increases to level 2!
You shoot an arrow. The arrow hits the orc.
The orc is moderately wounded.
The orc completely misses you.
You shoot an arrow. The arrow hits the orc!
You kill the orc!
The orc hits you with a +2 falchion of electrocution!
You are electrocuted!
You die...

#.#...#.### #.#
#.#.#.# .. #.#
.#######.#...# .#
#.#
.........###.# .#
#.# ##..#...##
#.##.. #.#
...#.##.###.....
#.)..........##..
..##.##..........
. #......@.?....)
#..##.#)o####..
#. #.#o.# ...o..
##.##..# #.# ).#
.> ..# ...


You could see an orc priest and 2 orcs.

Vanquished Creatures
  An orc priest (D:4)
  A hound (D:4)
  An orc wizard (D:4)
  3 adders
  3 ribbon worms
  A dart slug (D:1)
  10 orcs
  10 ball pythons
  7 endoplasms
  5 giant cockroaches
  7 goblins
  5 hobgoblins
  3 quokkas
  2 bats
  2 frilled lizards
  5 kobolds
  5 rats
71 creatures vanquished.

Notes
Turn   | Place    | Note
-------+----------+-------------------------------------------
     0 | D:1      | qw the Spriggan Hunter began the quest for the Orb.
     0 | D:1      | Reached XP level 1. HP: 10/10 MP: 2/2
     0 | D:1      | 0 ||| qw: Version: 0.3-a-155-g5e7d8dd
     0 | D:1      | 0 ||| qw: Game counter: 2878
     0 | D:1      | 0 ||| qw: Melee chars always use a shield: true
     0 | D:1      | 0 ||| qw: God list: Okawaru
     0 | D:1      | 0 ||| qw: Allow faded altars: false
     0 | D:1      | 0 ||| qw: Do Orc after clearing Dungeon:15 true
     0 | D:1      | 0 ||| qw: Do second Lair branch before Depths: true
     0 | D:1      | 0 ||| qw: Lair rune preference: random
     0 | D:1      | 0 ||| qw: Goals: Normal
     0 | D:1      | 0 ||| PLANNING D:1-11
    41 | D:1      | Reached skill level 3 in Dodging
   168 | D:1      | Found a faded altar of an unknown god.
   228 | D:1      | Reached XP level 2. HP: 14/14 MP: 3/3
   243 | D:1      | Reached skill level 4 in Dodging
   675 | D:1      | 675 ||| UPGRADING to ring of willpower.
   676 | D:1      | 676 ||| READING scroll labelled PIEPRU SEKH.
   676 | D:1      | 676 ||| IDENTIFYING clear potion
   677 | D:1      | 677 ||| READING scroll labelled UDUPHO BOOWAGH.
   678 | D:1      | 678 ||| DROPPING scroll of butterflies.
   680 | D:1      | 680 ||| Stepping ~*~*~tactically~*~*~ (cloud).
   687 | D:1      | HP: 3/14 [poisoned by you (poison gas)]
   834 | D:2      | Reached XP level 3. HP: 18/18 MP: 4/4
  1551 | D:2      | 1551 ||| UPGRADING to amulet of reflection.
  1556 | D:2      | 1556 ||| UPGRADING to +6 ring of dexterity.
  1557 | D:2      | 1557 ||| READING scroll of identify.
  1557 | D:2      | 1557 ||| IDENTIFYING bubbling green potion
  1558 | D:2      | 1558 ||| DRINKING 3 sedimented ruby potions.
  1559 | D:2      | 1559 ||| DRINKING 2 red potions.
  1560 | D:2      | 1560 ||| DROPPING potion of brilliance.
  1630 | D:3      | Reached XP level 4. HP: 22/22 MP: 5/5
  1737 | D:3      | You fall into a shaft and drop 1 floor!
  1813 | D:4      | Reached skill level 5 in Dodging
  1901 | D:3      | Found Nipnu's Weapon Emporium.
  2022 | D:3      | Found a stormy altar of Qazlal.
  2025 | D:3      | Noticed an air elemental
  2025 | D:3      | Noticed a water elemental
  2026 | D:3      | Noticed a fire elemental
  2026 | D:3      | Noticed an earth elemental
  2141 | D:3      | Reached XP level 5. HP: 25/25 MP: 6/6
  2315 | D:3      | 2315 ||| UPGRADING to amulet of faith.
  2325 | D:3      | 2325 ||| READING scroll labelled BENWESO UTIA.
  2426 | D:3      | 2426 ||| READING scroll labelled USONEA UJEBBIU.
  2427 | D:3      | 2427 ||| READING scroll labelled ROTYOW FOTZOSI.
  2503 | D:4      | 2503 ||| FLEEEEING.
  2511 | D:4      | Reached skill level 6 in Dodging
  2595 | D:4      | HP: 6/26 [orc/+2 falchion of electrocution (8)]
  2595 | D:4      | Slain by an orc

Levels and vault maps discovered:
D:1:      spicycebolla_green_bress_n_ham, layout_loops_ring,
          shapermc_ecumenical_altar_totnotflames, st_stairs_6,
          nrook_mini_backslash, grunt_decor_fettered, minmay_split_cup_small
D:2:      layout_basic
D:3:      layout_basic, nicolae_qazlal_style_of_elements, serial_shops,
          nicolae_shop_crystal
D:4:      layout_loops_ring, nicolae_shop_gadgets

Skill      XL: |  1  2  3  4  5 |
---------------+----------------+-----
Dodging        | 3 4 5 6 |  6.2
Ranged Weapons | 5 |  5.0
Fighting       | 2 |  2.1
Stealth        | |  1.5

Action                     |  1- 3 |  4- 6 || total
---------------------------+-------+-------++-------
   Fire: Shortbow          |    94 |    95 ||   189
    Use: Scroll            |     3 |     3 ||     6
         Potion            |     2 |       ||     2
 Armour: Robe              |     2 |     9 ||    11
  Dodge: Dodged            |     6 |    52 ||    58
  Block: Other             |       |    12 ||    12

Table legend:
 A = Non-vault XP
 B = Vault XP
 C = Vault XP percentage of total XP
 D = Non-vault monster count
 E = Vault monster count
 F = Vault count percentage of total count
                 A         B        C        D         E       F
            +---------+---------+-------+---------+---------+-------
      Total |     280 |      10 |   3.4 |      67 |       4 |   5.6
            +---------+---------+-------+---------+---------+-------
        D:1 |      22 |      10 |  31.2 |      12 |       4 |  25.0
        D:2 |      60 |       0 |   0.0 |      21 |       0 |   0.0
        D:3 |      49 |       0 |   0.0 |      24 |       0 |   0.0
        D:4 |     149 |       0 |   0.0 |      10 |       0 |   0.0
            +---------+---------+-------+---------+---------+-------
